AoeStats
← Ignacioarmez

Arena

509737104Analyzed
4v4 RM · 3d ago on Sep 27, 2026· 41m 5s· 8 players
Game mode
Random Map
Map size
Large (8 player)
Population
200
Speed
Normal
Resources
Standard
Victory
Conquest
Starting age
Dark Age
Ending age
Imperial Age
RankedLock teamsTeams togetherTeam positionsShared explorationLock speedFull tech treeHidden civsTurbo modeCheats
Victory
Defeat
🇨🇱 Khmer · Chile
688
+22
🇮🇹 Huns · Italy
688
+12
🇯🇵 Danes · Japan
685
+12
🇹🇷 Spanish · Türkiye
675
+13
610
-13
🇮🇳 Spanish · India
604
-12
🇨🇴 Franks · Colombia
603
-12
🇨🇿 Teutons · Czechia
600
-12
roobinson.15
0:34 Loom
11:23 Feudal Age
12:04 Double-Bit Axe
14:43 Wheelbarrow
13:54 Town Watch
24:01 Castle Age
22:51 Scale Barding Armor
22:58 Forging
22:38 Fletching
25:07 Bow Saw
24:56 Light Cavalry
25:38 Husbandry
26:01 Chain Barding Armor
26:38 Bodkin Arrow
28:14 Iron Casting
29:17 Hand Cart
29:06 Scale Mail Armor
29:07 Padded Archer Armor
29:13 Stone Mining
29:18 Gold Mining
30:44 Town Patrol
35:23 Imperial Age
38:21 Murder Holes
sandeepkumarsdsl
14:28 Feudal Age
16:17 Feudal Age
19:11 Wheelbarrow
19:50 Stone Mining
19:53 Gold Mining
24:56 Castle Age
23:13 Forging
23:04 Scale Mail Armor
23:47 Horse Collar
23:55 Double-Bit Axe
30:09 Stone Shaft Mining
29:38 Heavy Plow
32:34 Pikeman
33:15 Squires
33:00 Gambesons
33:02 Arson
35:58 Iron Casting
36:04 Fortified Wall
36:05 Masonry
EL_LEON_DE_LA_TRIBU_DE_JUDA
11:24 Feudal Age
13:27 Wheelbarrow
12:43 Double-Bit Axe
19:41 Castle Age
17:59 Loom
19:16 Stone Mining
19:27 Gold Mining
21:48 Hand Cart
21:48 Bow Saw
22:23 Fletching
26:35 Stone Mining
28:41 Gold Shaft Mining
31:47 Imperial Age
35:56 Siege Engineers
35:52 Bodkin Arrow
36:24 Conscription
Ajghoimer
1:31 Loom
3:13 Loom
13:54 Feudal Age
14:59 Double-Bit Axe
15:59 Wheelbarrow
15:09 Horse Collar
17:45 Man-at-Arms
20:00 Forging
19:56 Scale Barding Armor
19:53 Scale Mail Armor
20:39 Arson
29:23 Castle Age
29:12 Gold Mining
29:28 Pikeman
30:09 Squires
29:54 Gambesons
32:34 Husbandry
32:44 Bloodlines
33:19 Iron Casting
33:05 Chain Barding Armor
33:01 Chain Mail Armor
33:09 Caravan
37:51 Heavy Plow
38:42 Hand Cart
Ignacioarmez
1:02 Loom
13:36 Feudal Age
17:34 Double-Bit Axe
20:38 Stone Mining
25:11 Castle Age
23:23 Gold Mining
29:12 Bow Saw
31:23 Wheelbarrow
34:53 Stone Shaft Mining
43:35 Imperial Age
40:58 Light Cavalry
maverik2325
7:15 Loom
11:44 Feudal Age
13:11 Wheelbarrow
12:23 Town Watch
12:53 Double-Bit Axe
13:44 Horse Collar
14:20 Gold Mining
18:03 Stone Mining
23:07 Castle Age
22:28 Fletching
22:39 Padded Archer Armor
24:53 Hand Cart
24:39 Town Patrol
25:04 Heavy Plow
25:20 Bow Saw
27:03 Thumb Ring
27:44 Bodkin Arrow
30:08 Leather Archer Armor
30:31 Husbandry
30:42 Bloodlines
36:10 Imperial Age
34:00 Caravan
36:18 Heavy Cavalry Archer
38:25 Parthian Tactics
40:28 Bracer
teban0721
10:33 Feudal Age
11:55 Horse Collar
14:47 Castle Age
12:57 Double-Bit Axe
16:11 Bow Saw
16:12 Heavy Plow
17:05 Wheelbarrow
21:22 Town Watch
21:36 Gold Mining
23:18 Gold Shaft Mining
24:12 Loom
25:03 Hand Cart
24:47 Stone Mining
27:51 Imperial Age
25:52 Scale Mail Armor
26:56 Town Patrol
27:08 Forging
27:19 Chain Mail Armor
27:30 Fletching
28:48 Iron Casting
28:23 Scale Barding Armor
28:24 Squires
29:20 Plate Mail Armor
29:51 Chain Barding Armor
29:44 Bloodlines
29:18 Elite Varangian Guard
30:39 Arson
30:40 Gambesons
31:57 Blast Furnace
31:04 Husbandry
32:16 Conscription
32:39 Plate Barding Armor
33:03 Fletching
33:23 Siege Engineers
34:19 Chemistry
34:26 Stone Shaft Mining
33:43 Hamask
34:55 Bodkin Arrow
35:07 Crossbowman
35:52 Thumb Ring
36:18 Bracer
36:19 Padded Archer Armor
36:33 Light Cavalry
36:58 Pikeman
38:30 Heavy Mounted Crossbowman
38:31 Cranequins
38:40 Halberdier
38:59 Capped Ram
39:59 Siege Ram
40:33 Elite Jomsviking
40:34 Northmen's Fury
I MISS HER
11:56 Feudal Age
12:21 Double-Bit Axe
12:22 Horse Collar
18:21 Castle Age
18:14 Stone Mining
19:20 Bow Saw
19:12 Heavy Plow
19:54 Gold Mining
20:21 Man-at-Arms
23:14 Wheelbarrow
22:14 Long Swordsman
22:40 Gambesons
29:50 Imperial Age
29:46 Hand Cart
30:33 Cavalier
34:47 Two-Man Saw
34:49 Two-Handed Swordsman
35:30 Squires
35:15 Arson
34:51 Pikeman
36:47 Champion
37:41 Forging
37:31 Scale Mail Armor
38:38 Elite Conquistador
40:46 Iron Casting
40:26 Chain Mail Armor
41:39 Chemistry
Connection lost

Rejoining the realm…

Still unreachable

The connection could not be restored.

Session expired

The server has moved on; the page needs a fresh start.